[Event "Team 45 45 League T33"]
[Site "Internet Chess Club"]
[Date "2007.04.21"]
[Round "1"]
[White "drflounder"]
[Black "chipionero"]
[Result "1-0"]
[WhiteElo "1756"]
[BlackElo "1695"]
[ECO "B22"]
[TimeControl "2700+45"]

1. e4 c5 2. c3 Nf6 3. e5 Nd5 4. d4 cxd4 5. cxd4 e6 6. Nf3 d6 7. Bc4 Nb6 8. Bd3
dxe5 9. dxe5 N8d7 10. Qe2 Bb4+ 11. Nc3 Nd5 12. Bd2 Nxc3 13. bxc3 Be7 14. O-O Nc5
15. Bc2 Bd7 16. Rfe1 Qc7 17. Nd4 a6 18. Qg4 g6 19. Bg5 Bxg5 20. Qxg5 Qd8 21. Qh6
Qe7 22. Qg7 Qf8 23. Qf6 Rg8 24. Nf3 Qe7 25. Qf4 Bc6 26. Ng5 Rd8 27. Nxh7 Nd7 28.
Rad1 Rh8 29. Nf6+ Nxf6 30. exf6 Rxd1 31. Rxd1 e5 32. fxe7 {Black resigns} 1-0

[Event "Team 45 45 League T33"]
[Site "Internet Chess Club"]
[Date "2007.04.19"]
[Round "1"]
[White "Zebbile"]
[Black "chiiwen"]
[Result "1/2-1/2"]
[WhiteElo "2011"]
[BlackElo "1948"]
[ECO "A04"]
[TimeControl "2700+45"]

1. Nf3 c5 2. e3 Nf6 3. d4 cxd4 4. exd4 d5 5. c4 e6 6. Nc3 Nc6 7. c5 Ne4 8. Qc2
f5 9. Bb5 Bd7 10. O-O Be7 11. Bxc6 Bxc6 12. b4 b5 13. Ne5 Qc7 14. Bf4 Qb7 15. f3
Nxc3 16. Qxc3 O-O 17. Nxc6 Qxc6 18. Be5 Bf6 19. f4 Bxe5 20. fxe5 Rf7 21. Qc2 a5
22. a3 axb4 23. axb4 Rfa7 24. Qb2 Ra6 25. Qc3 Ra4 26. Rxa4 bxa4 27. b5 Qxb5 28.
c6 Rc8 29. Rc1 Rc7 30. Kf2 Kf7 31. Ke1 Qb3 32. Kd2 Qb5 33. Rc2 a3 34. Qxa3 Rxc6
35. Qa7+ Kg6 36. Rxc6 Qxc6 37. Qe7 Qb6 38. Kc3 Qa5+ 39. Kd3 Qb5+ 40. Ke3 Qc6 41.
Kd2 h6 42. h3 Qc8 {Game drawn by mutual agreement} 1/2-1/2

[Event "Team 45 45 League T33"]
[Site "Internet Chess Club"]
[Date "2007.04.23"]
[Round "1"]
[White "HoHo"]
[Black "AVEMARIA"]
[Result "1/2-1/2"]
[WhiteElo "1746"]
[BlackElo "1786"]
[ECO "B47"]
[TimeControl "2700+45"]

1. e4 c5 2. Nf3 e6 3. d4 cxd4 4. Nxd4 Nc6 5. Nc3 Qc7 6. f4 a6 7. Nf3 Bc5 8. Bd3
b5 9. a3 Bb7 10. Qe2 Nd4 11. Nxd4 Bxd4 12. Bd2 Nf6 13. Rf1 h5 14. e5 Nd5 15.
Nxd5 Bxd5 16. c3 Bb6 17. Be4 Bc4 18. Qf3 Rd8 19. Bd3 d5 20. Bxc4 dxc4 21. Qg3 g6
22. Qg5 Qe7 23. O-O-O Qxg5 24. fxg5 O-O 25. Bf4 Bc7 26. Kc2 Rfe8 27. b3 cxb3+
28. Kxb3 a5 29. a4 bxa4+ 30. Kxa4 Rxd1 31. Rxd1 Rd8 32. Rxd8+ Bxd8 33. Be3 Kf8
34. c4 Ke8 35. Bc5 Kd7 36. Bd6 Kc6 37. c5 Bxg5 38. Kxa5 h4 39. Kb4 Bf4 40. h3
Bg3 41. Kc4 f5 42. exf6 Bxd6 43. cxd6 Kxd6 44. Kd4 e5+ 45. Ke4 Ke6 46. f7 Kxf7
47. Kxe5 Ke7 48. Kf4 Kf6 49. Kg4 g5 50. g3 hxg3 51. Kxg3 Ke5 52. Kg4 Kf6 53. Kh5
Kf5 54. Kh6 Kf4 55. Kg6 Kg3 56. Kxg5 Kxh3 {Game drawn because neither player has
mating material} 1/2-1/2

[Event "Team 45 45 League T33"]
[Site "Internet Chess Club"]
[Date "2007.04.20"]
[Round "1"]
[White "Warpdrive"]
[Black "Izeelden"]
[Result "1/2-1/2"]
[WhiteElo "1613"]
[BlackElo "1754"]
[ECO "B06"]
[TimeControl "2700+45"]

1. e4 g6 2. d4 Bg7 3. Be3 c6 4. c3 d6 5. Nf3 Bg4 6. Be2 Qb6 7. Qb3 Qxb3 8. axb3
Bxf3 9. Bxf3 e6 10. Nd2 Ne7 11. Nc4 Nc8 12. O-O d5 13. exd5 exd5 14. Nd2 O-O 15.
Bf4 a6 16. Rfe1 f6 17. Re3 Nd7 18. Rae1 Ncb6 19. Bd6 Rf7 20. h4 f5 21. Re8+ Rxe8
22. Rxe8+ Bf8 23. Bxf8 Rxf8 24. Rxf8+ Kxf8 25. Be2 Ke7 26. f4 Nf6 27. Kf2 Ne4+
28. Ke3 Kf6 29. Nf3 Nd7 30. Ne5 Nxe5 31. fxe5+ Ke6 32. g4 a5 33. Kf4 h6 34.
gxf5+ gxf5 35. Bh5 Nf2 36. Ke3 Ne4 37. Be2 b6 38. Bd1 c5 39. Be2 Ng3 40. Bd3 Ne4
41. Be2 Ng3 42. Bd3 Ne4 43. Be2 {Game drawn by repetition} 1/2-1/2

[Event "Team 45 45 League T33"]
[Site "Internet Chess Club"]
[Date "2007.04.19"]
[Round "1"]
[White "Avedldesierto"]
[Black "hondocando"]
[Result "1-0"]
[WhiteElo "1800"]
[BlackElo "1517"]
[ECO "B21"]
[TimeControl "2700+45"]

1. e4 c5 2. d4 cxd4 3. Qxd4 Nc6 4. Qa4 Qa5+ 5. Nc3 Qxa4 6. Nxa4 e5 7. Nf3 Nf6 8.
Bd3 b6 9. Bg5 Be7 10. Nc3 Bb4 11. Bd2 h6 12. O-O Bb7 13. a3 Be7 14. Rfe1 a6 15.
h3 O-O 16. Nd5 Bd8 17. c4 a5 18. Be3 Nxd5 19. cxd5 Ne7 20. Nxe5 d6 21. Nd7 Re8
22. Nxb6 Bxb6 23. Bxb6 Ba6 24. Bxa6 Rxa6 25. Bd4 a4 26. Rac1 Raa8 27. f3 Rab8
28. Rc4 Ra8 29. Rec1 Rec8 30. Rxc8+ Rxc8 31. Rxc8+ Nxc8 32. Kf2 Kf8 33. Ke3 f6
34. Kd3 Ke7 35. Kc4 Kd7 36. Kb5 Kc7 37. Kxa4 Kb7 38. Kb5 h5 39. g4 hxg4 40. hxg4
Ne7 41. g5 fxg5 42. Bxg7 Ng6 43. Bf6 Nh4 44. f4 Nf3 45. fxg5 Nh4 46. a4 Ng6 47.
a5 Nf8 48. b4 Nd7 49. Kc4 Ka6 50. b5+ Kxa5 51. Bd8+ Ka4 52. g6 {Black resigns}
1-0

[Event "Team 45 45 League T33"]
[Site "Internet Chess Club"]
[Date "2007.04.22"]
[Round "1"]
[White "SpikeyJ"]
[Black "Bug"]
[Result "1-0"]
[WhiteElo "2106"]
[BlackElo "2142"]
[ECO "A11"]
[TimeControl "2700+45"]

1. c4 c6 2. g3 d5 3. Bg2 Nf6 4. Nf3 Bf5 5. cxd5 cxd5 6. Qb3 Qc8 7. Nc3 e6 8. d3
Nc6 9. Bf4 Bb4 10. Rc1 Nd7 11. O-O O-O 12. Nb5 e5 13. Nxe5 Nc5 14. Qxd5 Be6 15.
Nxc6 {Black resigns} 1-0

[Event "Team 45 45 League T33"]
[Site "Internet Chess Club"]
[Date "2007.04.18"]
[Round "1"]
[White "gracey"]
[Black "PoisonIvy"]
[Result "1-0"]
[WhiteElo "2150"]
[BlackElo "1828"]
[ECO "E85"]
[TimeControl "2700+45"]

1. c4 Nf6 2. d4 g6 3. f3 Bg7 4. e4 d6 5. Nc3 O-O 6. Be3 e5 7. Nge2 Nc6 8. d5 Ne7
9. Qa4 Bd7 10. Qa3 Ne8 11. O-O-O f5 12. h4 Nf6 13. h5 f4 14. Bf2 Nxh5 15. c5 Nc8
16. Kb1 Bf6 17. Rd3 a6 18. Ka1 Be7 19. Qb3 Rb8 20. c6 Be8 21. g4 fxg3 22. Nxg3
Nf4 23. Rd2 Nb6 24. Bxb6 cxb6 25. Rdh2 Rf7 26. Kb1 a5 27. Nb5 Ra8 28. c7 Qc8 29.
Rc2 Bf8 30. Qc3 Bg7 31. Nxd6 {Black resigns} 1-0

[Event "Team 45 45 League T33"]
[Site "Internet Chess Club"]
[Date "2007.04.21"]
[Round "1"]
[White "forketta"]
[Black "morgado"]
[Result "1-0"]
[WhiteElo "1973"]
[BlackElo "1927"]
[ECO "D31"]
[TimeControl "2700+45"]

1. d4 d5 2. c4 e6 3. Nc3 f5 4. Bf4 c6 5. e3 Nf6 6. Nf3 Bd6 7. Bxd6 Qxd6 8. Bd3
O-O 9. O-O Ne4 10. Ne5 Nd7 11. f4 Qe7 12. Bxe4 fxe4 13. c5 Nf6 14. b4 Qc7 15.
Qb3 b6 16. cxb6 axb6 17. Rfc1 Qb7 18. a4 Bd7 19. Qa3 Rfc8 20. Ne2 Be8 21. h3 Qe7
22. a5 Qd6 23. Rc2 Ra6 24. Qc1 bxa5 25. bxa5 Rca8 26. Qd2 Nd7 27. Nxd7 Bxd7 28.
Nc1 Rb8 29. Rc5 Raa8 30. Qc2 g5 31. fxg5 Qg3 32. Qf2 Qxg5 33. Rc3 e5 34. dxe5
Qxe5 35. Ne2 Kh8 36. Qg3 Qe7 37. Qc7 Rb2 38. Nf4 Qg7 39. Rac1 Rg8 40. R3c2 Rb3
41. Nh5 Qe7 42. Qf4 Bxh3 43. Rxc6 Bxg2 44. Nf6 Qg7 45. Rc7 Qg6 46. Rxh7+ Qxh7
47. Nxh7 Bf3+ 48. Ng5 Rb7 49. Qh4+ Rh7 50. Qf4 Rh1+ 51. Kf2 Rxc1 52. Qf6+ Rg7
53. Qf8+ Rg8 54. Qh6# {Black checkmated} 1-0

[Event "Team 45 45 League T33"]
[Site "Internet Chess Club"]
[Date "2007.04.23"]
[Round "1"]
[White "ExiledSaint"]
[Black "ddlj81"]
[Result "1-0"]
[WhiteElo "1775"]
[BlackElo "1956"]
[ECO "C55"]
[TimeControl "2700+45"]

1. e4 e5 2. Nf3 Nc6 3. Bc4 Nf6 4. d4 exd4 5. O-O Bc5 6. e5 d5 7. exf6 dxc4 8.
Re1+ Be6 9. Ng5 Qd5 10. Nc3 Qf5 11. Nce4 O-O-O 12. g4 Qe5 13. Nxe6 fxe6 14. fxg7
Rhg8 15. Bh6 Rde8 16. Qf3 Bd6 17. Qh3 d3 18. c3 Bc5 19. g5 Bb6 20. Nf6 Qc5 21.
Re3 Qd6 22. Nxe8 Rxe8 23. Rxe6 Bxf2+ 24. Kxf2 Qc5+ 25. Qe3 Qf5+ 26. Kg3 Rxe6 27.
g8=Q+ Kd7 28. Qg7+ Re7 29. Qgxe7+ Nxe7 30. Qf4 Qd5 31. Rf1 d2 32. Rd1 Nf5+ 33.
Kf2 Qc5+ 34. Ke2 Kc8 35. Kxd2 b6 36. Rf1 Nd6 37. Bf8 Qd5+ 38. Kc1 {Black
resigns} 1-0

[Event "Team 45 45 League T33"]
[Site "Internet Chess Club"]
[Date "2007.04.22"]
[Round "1"]
[White "Boromir"]
[Black "qs16"]
[Result "1/2-1/2"]
[WhiteElo "1954"]
[BlackElo "1885"]
[ECO "B52"]
[TimeControl "2700+45"]

1. e4 c5 2. Nf3 d6 3. Bb5+ Bd7 4. Bxd7+ Qxd7 5. c4 Nc6 6. Nc3 e6 7. d4 cxd4 8.
Nxd4 Nf6 9. O-O Be7 10. b3 O-O 11. Bb2 Rfd8 12. Rc1 a6 13. f4 Rac8 14. Nxc6 bxc6
15. Qf3 Qc7 16. Rfd1 {Game drawn by mutual agreement} 1/2-1/2

[Event "Team 45 45 League T33"]
[Site "Internet Chess Club"]
[Date "2007.04.19"]
[Round "1"]
[White "curtintime"]
[Black "wekabird"]
[Result "0-1"]
[WhiteElo "1323"]
[BlackElo "1264"]
[ECO "B13"]
[TimeControl "2700+45"]

1. e4 c6 2. d4 d5 3. exd5 cxd5 4. Bb5+ Nc6 5. Nf3 Qc7 6. Nc3 e6 7. O-O a6 8. Be2
Nf6 9. a3 Be7 10. b4 O-O 11. Bd2 b5 12. Bd3 Bb7 13. Ne2 e5 14. dxe5 Nxe5 15.
Nxe5 Qxe5 16. Bf4 Qe6 17. Re1 Qd7 18. Nd4 g6 19. c3 Bd6 20. Bh6 Rfe8 21. h3 Ne4
22. Qf3 Nxc3 23. Bxg6 Rxe1+ 24. Rxe1 hxg6 25. Qxc3 Rc8 26. Qf3 Bf8 27. Qf4 Bxh6
28. Qxh6 Re8 29. Rd1 Qc7 30. Nf3 Qc3 31. Ng5 Qg7 32. Qxg7+ Kxg7 33. Nf3 Re2 34.
Ra1 Rc2 35. g4 f6 36. Kg2 Rc3 37. Nd4 Kf7 38. f3 Rd3 39. Ne2 d4 40. Ng1 Bd5 41.
Kf2 g5 42. Ke2 Bc4 43. Kf2 Rb3 44. Ke1 Re3+ 45. Kd2 Ke6 46. Ne2 Rxe2+ 47. Kd1
Rh2 48. a4 Rh1+ {White resigns} 0-1

[Event "Team 45 45 League T33"]
[Site "Internet Chess Club"]
[Date "2007.04.23"]
[Round "1"]
[White "Riddari"]
[Black "JustinZ"]
[Result "0-1"]
[WhiteElo "1306"]
[BlackElo "1288"]
[ECO "C63"]
[TimeControl "2700+45"]

1. e4 e5 2. Nf3 Nc6 3. Bb5 f5 4. d3 d5 5. Bxc6+ bxc6 6. Nxe5 Qe7 7. Nxc6 Qf6 8.
Na5 Bb4+ 9. Bd2 Bxd2+ 10. Qxd2 Qxb2 11. Nc3 Qxa1+ 12. Nd1 Qxa2 13. Nb3 fxe4 14.
O-O Nf6 15. dxe4 dxe4 16. Qb4 Qxc2 17. Qb5+ Bd7 18. Qe5+ Kd8 19. Nc5 Re8 20. Qg5
Rb8 21. Nxd7 Kxd7 22. Qxg7+ Ke6 23. f3 Rb1 24. Ne3 Rxf1+ 25. Nxf1 exf3 26. gxf3
Rg8 27. Qxg8+ Nxg8 {White resigns} 0-1

[Event "Team 45 45 League T33"]
[Site "Internet Chess Club"]
[Date "2007.04.20"]
[Round "1"]
[White "DaMelch"]
[Black "Russ"]
[Result "0-1"]
[WhiteElo "1257"]
[BlackElo "1258"]
[ECO "B21"]
[TimeControl "2700+45"]

1. e4 c5 2. d4 cxd4 3. c3 dxc3 4. Nxc3 Nc6 5. Nf3 d6 6. Bc4 Nf6 7. e5 Ng4 8. e6
Bxe6 9. Bxe6 fxe6 10. Ng5 Nf6 11. Nxe6 Qc8 12. Nb5 Qxe6+ 13. Qe2 Qxe2+ 14. Kxe2
Kd7 15. Rd1 a6 16. Nc3 g6 17. Na4 Kc7 18. Be3 Bg7 19. Rab1 Ng4 20. Bb6+ Kc8 21.
Be3 Nxe3 22. Nb6+ Kb8 23. Nxa8 Kxa8 24. Kxe3 Rf8 25. f3 Rf5 26. g4 Rc5 27. b3
Rc2 28. a4 Rxh2 29. Rh1 Rxh1 30. Rxh1 h6 31. Ke4 Nd4 32. Rb1 d5+ 33. Kxd5 Nxf3
34. Ke6 Bf6 35. a5 Nd2 36. Rd1 Nxb3 37. Rd8+ Ka7 38. Rg8 g5 39. Rg6 Nxa5 40.
Rxh6 b5 41. Rxf6 exf6 42. Kxf6 b4 {White resigns} 0-1

[Event "Team 45 45 League T33"]
[Site "Internet Chess Club"]
[Date "2007.04.20"]
[Round "1"]
[White "g8wrb"]
[Black "Hastings"]
[Result "0-1"]
[WhiteElo "1297"]
[BlackElo "1345"]
[ECO "C55"]
[TimeControl "2700+45"]

1. e4 e5 2. Nf3 Nc6 3. Bc4 Nf6 4. Nc3 Bb4 5. d3 O-O 6. Bg5 d6 7. O-O Bxc3 8.
bxc3 Na5 9. Bb5 c6 10. Ba4 b5 11. Bb3 Nxb3 12. cxb3 Re8 13. h3 Bb7 14. c4 Rc8
15. Rc1 h6 16. Be3 a6 17. Qd2 d5 18. cxd5 cxd5 19. Qb4 dxe4 20. Rxc8 Qxc8 21.
Rc1 Qd7 22. dxe4 Bxe4 23. Re1 Bxf3 24. gxf3 Nd5 25. Qg4 Qxg4+ 26. fxg4 Nxe3 27.
Rxe3 f6 28. Kg2 g6 29. Kg3 Kf7 30. Rc3 g5 31. b4 Re6 32. Kf3 Kg6 33. Ke4 Rd6 34.
a3 Rd4+ 35. Ke3 h5 36. gxh5+ Kxh5 37. Rc6 Kg6 38. Rxa6 Rh4 39. f3 Rxh3 40. Rb6
g4 41. Rxb5 Rxf3+ 42. Ke4 Rxa3 43. Rb8 Kf7 44. b5 g3 45. Rb7+ Kg6 46. Rb8 Ra4+
47. Kf3 Ra3+ 48. Kg2 Kf5 49. Rg8 Kf4 50. Rf8 f5 51. b6 Rb3 52. Rf6 e4 53. Rg6
Rb2+ 54. Kh3 Rh2# {White checkmated} 0-1

[Event "Team 45 45 League T33"]
[Site "Internet Chess Club"]
[Date "2007.04.24"]
[Round "1"]
[White "JimGaming"]
[Black "rgadoury"]
[Result "1-0"]
[WhiteElo "1293"]
[BlackElo "1259"]
[ECO "B52"]
[TimeControl "2700+45"]

1. e4 c5 2. Nf3 d6 3. Bb5+ Bd7 4. Bxd7+ Nxd7 5. c4 e6 6. Nc3 Ngf6 7. O-O Be7 8.
d4 cxd4 9. Nxd4 Rc8 10. b3 a6 11. Bb2 Nc5 12. Qe2 O-O 13. f4 e5 14. fxe5 dxe5
15. Nf5 Qc7 16. Rad1 Rcd8 17. Rfe1 Rxd1 18. Rxd1 Rd8 19. Nd5 Nxd5 20. Rxd5 Rxd5
21. exd5 Bf6 22. Qg4 a5 23. h4 Qd8 24. h5 e4 25. d6 Bxb2 26. h6 g6 27. Ne7+ Kf8
28. Qf4 Ne6 29. Qxe4 Qxd6 30. Qxb7 Qxe7 31. Qa8+ Nd8 32. Qxa5 Qe1+ 33. Qxe1 Ne6
34. Qd2 Bd4+ 35. Kf1 Bc5 36. b4 Be7 37. a4 {Black resigns} 1-0

[Event "Team 45 45 League T33"]
[Site "Internet Chess Club"]
[Date "2007.04.23"]
[Round "1"]
[White "squeege"]
[Black "therookery"]
[Result "0-1"]
[WhiteElo "1220"]
[BlackElo "1284"]
[ECO "B50"]
[TimeControl "2700+45"]

1. e4 c5 2. Nf3 d6 3. Bc4 Bg4 4. O-O Nf6 5. Re1 e5 6. c3 Qd7 7. d3 Nc6 8. Be3 d5
9. exd5 Nxd5 10. Bb3 Bd6 11. c4 Nxe3 12. Rxe3 Nd4 13. Nbd2 Nxb3 14. axb3 O-O 15.
Ne4 Rfd8 16. Ng3 f5 17. Re1 Qc6 18. h3 Bxf3 19. gxf3 Rf8 20. Ra4 f4 21. Ne4 Rf5
22. Nxd6 Qxd6 23. Qd2 Rg5+ 24. Kf1 Qh6 25. Qa5 Qxh3+ 26. Ke2 b6 27. Qa6 Rg2 28.
Qb7 Rd8 29. Rxa7 Qg3 30. Kd2 Qxf2+ 31. Re2 Qxe2+ 32. Kc3 Qc2# {White checkmated}
0-1

[Event "Team 45 45 League T33"]
[Site "Internet Chess Club"]
[Date "2007.04.21"]
[Round "1"]
[White "Cataclysm"]
[Black "rpgrossman"]
[Result "1-0"]
[WhiteElo "1263"]
[BlackElo "1072"]
[ECO "B03"]
[TimeControl "2700+45"]

1. e4 Nf6 2. e5 Nd5 3. d4 c6 4. Bd2 g6 5. Nf3 Bg7 6. Bd3 O-O 7. O-O Qb6 8. Qc1
d6 9. c4 Nb4 10. Bxb4 Qxb4 11. exd6 Qxd6 12. Qe3 c5 13. dxc5 Qe6 14. Qxe6 fxe6
15. Nc3 Nc6 16. a3 e5 17. Rfe1 Nd4 18. Nxe5 Bf5 19. Bxf5 Rxf5 20. Nd5 Nc2 21.
Nxe7+ Kf8 22. Nd7+ Kf7 23. Nxf5 Nxa1 24. Re7+ Kg8 25. Rxg7+ Kh8 26. Rf7 gxf5 27.
Rf8+ Rxf8 28. Nxf8 Nb3 29. Ne6 Kg8 30. h4 Kf7 31. Ng5+ Kg6 32. Ne6 Na5 33. b4
Nxc4 34. Nd8 b6 35. c6 Nd6 36. Nb7 Nc8 37. f4 h5 38. Kf2 Kf6 39. Ke3 Ke6 40. Kd4
a6 41. a4 Na7 42. Nd8+ Kd6 43. c7 Kxc7 44. Ne6+ Kd7 45. Ng7 Nc6+ 46. Kc4 a5 47.
bxa5 Nxa5+ 48. Kb5 Kc7 49. Nxh5 Nb7 50. Ng7 Nd6+ 51. Ka6 Kc6 52. h5 Nf7 53. Nxf5
Kd5 54. Kxb6 Ke4 55. g3 Kxf5 56. a5 Nd6 57. a6 Nc8+ 58. Kc7 Na7 59. g4+ Kxg4 60.
h6 Kh5 61. h7 Nb5+ 62. Kb6 Nd6 63. h8=Q+ Kg6 64. Kc6 {Black resigns} 1-0

[Event "Team 45 45 League T33"]
[Site "Internet Chess Club"]
[Date "2007.04.24"]
[Round "1"]
[White "Toalla"]
[Black "Mutaant"]
[Result "0-1"]
[WhiteElo "1290"]
[BlackElo "1469"]
[ECO "D06"]
[TimeControl "2700+45"]

1. d4 d5 2. c4 Bf5 3. Nc3 Nf6 4. Nf3 e6 5. e3 Bb4 6. Qa4+ Nc6 7. a3 Bxc3+ 8.
bxc3 a6 9. c5 O-O 10. Nd2 Ne7 11. Be2 Qb8 12. O-O Ng6 13. f3 Qe8 14. Qd1 b5 15.
e4 dxe4 16. fxe4 Nxe4 17. Nxe4 Bxe4 18. Bf3 Qc6 19. Bxe4 Qxe4 20. Qf3 Qd5 21.
Qxd5 exd5 22. Bf4 c6 23. Rae1 Rfe8 24. Bd2 h6 25. g3 Kf8 26. Kf2 Rxe1 27. Rxe1
Re8 28. Rxe8+ Kxe8 29. Kf3 Ke7 30. Kg4 Ke6 31. h4 Ne7 32. Bf4 Kf6 33. Kh5 Nf5
34. Be5+ Ke6 35. Bc7 g6+ 36. Kg4 Ne3+ 37. Kf3 Nd1 38. Ba5 Kf5 39. g4+ Kf6 40.
Bd8+ Ke6 41. Ba5 Nb2 42. Kf4 Nc4 43. Bb4 a5 44. Bxa5 Nxa5 45. Ke3 f5 46. gxf5+
Kxf5 47. Kf3 Nc4 {White resigns} 0-1

[Event "Team 45 45 League T33"]
[Site "Internet Chess Club"]
[Date "2007.04.20"]
[Round "1"]
[White "seldredg"]
[Black "klt713"]
[Result "0-1"]
[WhiteElo "1383"]
[BlackElo "1284"]
[ECO "D00"]
[TimeControl "2700+45"]

1. d4 d5 2. e3 Nf6 3. Bd3 e6 4. Nd2 c5 5. c3 Bd6 6. f4 Nc6 7. Nh3 Bd7 8. Qf3 Qc7
9. O-O c4 10. Bc2 b5 11. e4 dxe4 12. Nxe4 Nxe4 13. Bxe4 b4 14. Bd2 Rb8 15. Rab1
g6 16. Be1 f5 17. Bc2 b3 18. axb3 cxb3 19. Bd3 Na5 20. Bh4 Nc4 21. Qe2 Nb6 22.
Bf6 Rf8 23. Bg7 Rf7 24. Bh6 Bc6 25. Rbe1 Bd5 26. Ba6 Nd7 27. Qf2 Nc5 28. dxc5
Bxc5 29. Re3 Qb6 30. Qe2 Bxe3+ 31. Nf2 Bc5 32. Bb5+ Qxb5 33. Qe5 Kd7 34. Rd1
Bxf2+ 35. Kxf2 Qc5+ 36. Rd4 Qd6 37. Qe2 Re7 38. Ra4 Qb6+ 39. Kg3 Rb7 40. Bg5 Re8
41. c4 Bc6 42. Qd3+ Kc7 43. Bf6 Bxa4 44. Be5+ Kc8 45. Bd4 Qd6 46. c5 Qd5 47. h4
Rd8 48. Qa6 Bc6 {White resigns} 0-1

[Event "Team 45 45 League T33"]
[Site "Internet Chess Club"]
[Date "2007.04.21"]
[Round "1"]
[White "fabill"]
[Black "thalamus"]
[Result "1-0"]
[WhiteElo "1184"]
[BlackElo "1361"]
[ECO "D00"]
[TimeControl "2700+45"]

1. d4 d5 2. h3 Bf5 3. Nc3 Nf6 4. f3 h6 5. e3 a6 6. Nge2 e6 7. a3 c5 8. Ng3 Bh7
9. Bd2 Bd6 10. Nge2 O-O 11. f4 Ne4 12. Na4 Nd7 13. Nac3 Ndf6 14. g3 Nh5 15. Rg1
Be7 16. Nxe4 Bxe4 17. Nc3 f5 18. Qxh5 Bxc2 19. Rc1 Bb3 20. Bd3 b5 21. Nxb5 axb5
22. dxc5 Qc7 23. Bb4 Rab8 24. Qf3 g6 25. Kd2 e5 26. Qxd5+ Kh7 27. Qxe5 Qxe5 28.
fxe5 Rfd8 29. Kc3 Bd5 30. Rcd1 Bc6 31. g4 Rd5 32. gxf5 Rxe5 33. fxg6+ Kg7 34.
Rde1 Bf6 35. Kc2 Rbe8 36. e4 Bxe4 37. Rxe4 Rxe4 38. Bxe4 Rxe4 39. Kb1 Re2 40.
Bc3 Bxc3 41. bxc3 Re3 42. Kb2 Re6 43. h4 Rc6 44. h5 Rxc5 45. Rh1 Rf5 46. Kb3 Rf2
47. Rh4 Rf5 48. Kb4 Rf3 49. Rd4 Rf5 50. Rh4 Rg5 51. Kb3 Rc5 52. c4 bxc4+ 53. Kb4
Rc7 54. Rxc4 Rb7+ 55. Kc3 Ra7 56. a4 Ra5 57. Kb4 Rxh5 58. Rc7+ Kxg6 59. a5 Rh1
60. Rc6+ Kf7 61. a6 Rb1+ 62. Kc5 Ra1 63. Kb6 Ke7 64. Rxh6 Kd7 65. Kb7 Rb1+ 66.
Rb6 Rxb6+ 67. Kxb6 Kc8 68. a7 {Black resigns} 1-0

[Event "Team 45 45 League T33"]
[Site "Internet Chess Club"]
[Date "2007.04.21"]
[Round "1"]
[White "gilalva"]
[Black "ffplayer"]
[Result "1-0"]
[WhiteElo "1083"]
[BlackElo "1092"]
[ECO "B07"]
[TimeControl "2700+45"]

1. e4 d6 2. f4 e5 3. Nf3 Nc6 4. Bc4 Nf6 5. O-O exf4 6. d4 Be7 7. Bxf4 Nxe4 8.
Be3 d5 9. Bb5 O-O 10. Bxc6 bxc6 11. Ne5 Bd7 12. Qh5 Be6 13. Nxc6 Qd6 14. Nxe7+
Qxe7 15. Nc3 Nf6 16. Bg5 Nxh5 17. Bxe7 Rfe8 18. Bc5 a6 19. b4 Bd7 20. a4 c6 21.
Rf2 Nf6 22. Raf1 Re6 23. a5 Rae8 24. Na4 Re1 25. Nb6 Rxf1+ 26. Rxf1 Re2 27. Rxf6
gxf6 28. Nxd7 Kg7 29. c3 Rc2 30. Nb8 Rxc3 31. Nxc6 Rc2 32. Ne7 Kf8 33. Nxd5+ Ke8
34. Nxf6+ Kd8 35. Nxh7 Kd7 36. Nf6+ Ke6 37. Ng4 f5 38. Ne3 Rd2 39. d5+ Ke5 40.
d6 Ke4 41. Nf1 Rd1 42. Kf2 Ke5 43. Ke2 Rd5 44. Ne3 f4 45. Nxd5 Kxd5 46. Kf3 Ke6
47. Kxf4 Kd7 48. g4 {Black resigns} 1-0

[Event "Team 45 45 League T33"]
[Site "Internet Chess Club"]
[Date "2007.04.22"]
[Round "1"]
[White "strudel"]
[Black "BeginnerBoy"]
[Result "1/2-1/2"]
[WhiteElo "1417"]
[BlackElo "1454"]
[ECO "B70"]
[TimeControl "2700+45"]

1. e4 c5 2. Nf3 d6 3. d4 cxd4 4. Nxd4 Nf6 5. Nc3 g6 6. f3 Bg7 7. Bb5+ Bd7 8.
Bxd7+ Nbxd7 9. Be3 O-O 10. Qd2 Qa5 11. Nb3 Qa6 12. Bh6 Nc5 13. Nxc5 dxc5 14.
Bxg7 Kxg7 15. O-O-O b5 16. Kb1 b4 17. Qe2 Qxe2 18. Nxe2 Rfd8 19. Kc1 Nd7 20. f4
Nb6 21. b3 a5 22. Rxd8 Rxd8 23. Rd1 Ra8 24. Kd2 a4 25. Ke3 axb3 26. axb3 Ra2 27.
Kd3 Ra3 28. Rb1 f6 29. g4 h6 30. h4 e5 31. fxe5 fxe5 32. c3 Kf6 33. cxb4 cxb4
34. Nc1 {Game drawn by mutual agreement} 1/2-1/2

[Event "Team 45 45 League T33"]
[Site "Internet Chess Club"]
[Date "2007.04.21"]
[Round "1"]
[White "BosqueVerde"]
[Black "SeniorCitizen"]
[Result "1-0"]
[WhiteElo "1193"]
[BlackElo "1277"]
[ECO "D31"]
[TimeControl "2700+45"]

1. d4 d5 2. c4 e6 3. Nc3 Nc6 4. cxd5 exd5 5. Nf3 Be6 6. Bg5 Be7 7. Bf4 Nf6 8.
Qc2 a6 9. e3 O-O 10. Bd3 Nb4 11. Qb1 Nxd3+ 12. Qxd3 c6 13. O-O Nh5 14. Be5 f6
15. Bg3 Nxg3 16. hxg3 Qc8 17. Rfe1 Bb4 18. a3 Bxc3 19. bxc3 Bf5 20. Qe2 Bg4 21.
Rac1 b5 22. e4 Re8 23. Qd3 dxe4 24. Rxe4 Rxe4 25. Qxe4 Qe6 26. Qd3 Qb3 27. Re1
Qd5 28. Re7 Kf8 29. Rc7 Qd6 30. Qxh7 Qxc7 31. Qh8+ Kf7 32. Qxa8 Bxf3 33. gxf3
Qb6 34. Kg2 Kg6 35. Qe8+ Kh7 36. Qh5+ Kg8 37. Qe8+ Kh7 38. Qe6 a5 39. d5 {Black
resigns} 1-0

[Event "Team 45 45 League T33"]
[Site "Internet Chess Club"]
[Date "2007.04.21"]
[Round "1"]
[White "ADIOKiddo4Ever"]
[Black "Prop"]
[Result "1-0"]
[WhiteElo "1295"]
[BlackElo "1177"]
[ECO "C26"]
[TimeControl "2700+45"]

1. e4 e5 2. Nc3 Nf6 3. g3 Bc5 4. Bg2 Ng4 5. Qxg4 O-O 6. d3 Qf6 7. Be3 d5 8. Nxd5
Qc6 9. Bxc5 Bxg4 10. Ne7+ Kh8 11. Nxc6 Re8 12. Nxb8 Rexb8 13. h3 Be6 14. Ne2 b6
15. Be3 c5 16. O-O Rd8 17. f4 exf4 18. Nxf4 Bd7 19. c4 Rac8 20. Nd5 Be6 21. Bg5
Rd7 22. Nf4 h6 23. Nxe6 fxe6 24. Bf4 g5 25. Be5+ Kg8 26. Rad1 Rf8 27. Rxf8+ Kxf8
28. Bb8 Rb7 29. Bd6+ Ke8 30. e5 Rf7 31. Bc6+ Kd8 32. Rf1 Rxf1+ 33. Kxf1 h5 34.
Kf2 a5 35. a4 Kc8 36. Kf3 Kd8 37. g4 h4 38. Ke2 Kc8 39. Kd2 Kd8 40. Kc3 Kc8 41.
d4 Kd8 42. dxc5 bxc5 43. Bxc5 Kc7 44. Be4 Kd7 45. Bd6 Ke8 46. Bc6+ Kf7 47. Bd7
Kg6 48. c5 {Black resigns} 1-0

[Event "Team 45 45 League T33"]
[Site "Internet Chess Club"]
[Date "2007.04.21"]
[Round "1"]
[White "jocooper"]
[Black "furrbrain"]
[Result "1-0"]
[WhiteElo "1101"]
[BlackElo "1118"]
[ECO "A40"]
[TimeControl "2700+45"]

1. d4 e6 2. Nf3 d5 3. e3 c5 4. c3 a6 5. Bd3 Nf6 6. Nbd2 Nc6 7. O-O Bd6 8. Re1
O-O 9. e4 cxd4 10. cxd4 b5 11. a3 Bb7 12. e5 Nxd4 13. Nxd4 Bc5 14. exf6 Qxf6 15.
Bxh7+ Kxh7 16. Qh5+ Qh6 17. Qxh6+ gxh6 18. N2f3 Bd6 19. Ne5 Rac8 20. Bf4 f6 21.
Nd7 Rfd8 22. Nxf6+ Kg6 23. Rxe6 Bxf4 24. Nxd5+ Kf7 25. Re7+ Kg6 26. Nxf4+ Kg5
27. Nfe6+ Kf6 28. Nxd8 Kxe7 29. Nxb7 Rd8 30. Nxd8 Kxd8 31. b4 Kd7 32. Re1 Kd6
33. Nb3 Kd5 34. f4 {Black resigns} 1-0

[Event "Team 45 45 League T33"]
[Site "Internet Chess Club"]
[Date "2007.04.21"]
[Round "1"]
[White "bmw2002"]
[Black "arriero55"]
[Result "1-0"]
[WhiteElo "1587"]
[BlackElo "1567"]
[ECO "A20"]
[TimeControl "2700+45"]

1. c4 e5 2. g3 Nf6 3. Bg2 Bc5 4. Nf3 O-O 5. O-O Re8 6. Nc3 Nc6 7. a3 a5 8. e3
Ba7 9. d4 d6 10. d5 Nb8 11. b4 b6 12. b5 Nbd7 13. Qc2 Nc5 14. Ng5 h6 15. Nh3 Bd7
16. f4 Qc8 17. Nf2 Bf5 18. e4 Bd7 19. f5 Re7 20. g4 Kh7 21. Qd1 g5 22. h4 Qg8
23. hxg5 hxg5 24. Nh3 Qg7 25. Bxg5 Rh8 26. Bxf6 Qxf6 27. g5 Qg7 28. f6 Qg6 29.
fxe7 Bxh3 30. Bxh3 Qxg5+ 31. Kh2 Qxe7 32. Qh5+ {Black resigns} 1-0